 Dungeon Crawl Stone Soup version bcrawl-1.22 (webtiles) character file.

Game seed: 15783377800131080653

28 tv1990 the Skirmisher (level 3, -4/30 HPs)
             Began as a Formicid Monk on May 14, 2020.
             Slain by a worm (5 damage)
             ... on level 2 of the Dungeon.
             The game lasted 00:02:09 (926 turns).

tv1990 the Skirmisher (Formicid Monk)                Turns: 926, Time: 00:02:10

Health: -4/30      AC:  2    Str: 16    XL:     3   Next: 30%
Magic:  0/4        EV: 13    Int:  9    God:
Gold:   100        SH:  0    Dex: 13    Spells: 2/2 levels left

rFire    . . .     SeeInvis +   a - +0 hand axe
rCold    . . .     Gourm    .   (no shield)
rNeg     . . .     Faith    .   b - +0 robe
rPois    .         Spirit   +   (helmet unavailable)
rElec    .         Reflect  .   (no cloak)
rCorr    .         Harm     .   (no gloves)
MR       .....                  (no boots)
Stlth    ++........             c - amulet of guardian spirit
HPRegen  0.10/turn              (no ring)
MPRegen  0.09/turn              (no ring)

@: no status effects
A: permanent stasis, dig shafts and tunnels, four strong arms, antennae 3
a: Dig, Shaft Self


You were on level 2 of the Dungeon.
You were not hungry.

You visited 1 branch of the dungeon, and saw 2 of its levels.

You collected 100 gold pieces.

Inventory:

Hand Weapons
 a - a +0 hand axe (weapon)
Armour
 b - a +0 robe (worn)
Jewellery
 c - an amulet of guardian spirit (around neck)
 g - an uncursed amulet of the gourmand {unknown}
Scrolls
 d - 2 scrolls of remove curse
 f - 2 scrolls of fog {unknown}
 h - 3 scrolls of identify {unknown}
Potions
 i - a potion of degeneration {unknown}
Comestibles
 e - 2 rations {!d}


   Skills:
 + Level 3.7 Fighting
 * Level 3.5 Axes
 * Level 0.3 Armour
 - Level 2.9 Dodging
 - Level 2.7 Stealth
   Level 2.4 Invocations


You had 2 spell levels left.
You didn't know any spells.
Your spell library was empty.

Dungeon Overview and Level Annotations

Branches:
Dungeon (2/12)

Altars:


Innate Abilities, Weirdness & Mutations

You cannot be hasted, slowed, berserked, paralysed or teleported.
You can dig through walls and to a lower floor.
Your four strong arms can wield two-handed weapons with a shield.
You have a pair of large antennae on your head. (SInv)


Message History

You are too injured to fight recklessly!
You are too injured to fight recklessly!
You are too injured to fight recklessly!
You barely miss the worm. The worm bites you.
* * * LOW HITPOINT WARNING * * *
You slash the worm!
The worm is heavily wounded.
You barely miss the worm.
The worm is heavily wounded.
The worm bites you!
* * * LOW HITPOINT WARNING * * *
You barely miss the worm.
The worm is moderately wounded.
The worm barely misses you.
You hit the worm.
The worm is severely wounded.
You hit the worm.
The worm is severely wounded.
The worm bites you.
You die...

#.......# #.......#
#.......# #.....<.#
#.......# #.......#
######.#####.##########
........# #..........#
##......# ##...@w....#
......#....#.?!.......#
.#....#..#.#...........#
...........#.###.......#
#.....#.##.#. #.......#
#.........##. ....#####
##+#.####.##. ....# ....
.# ....# ###.


You could see a worm.

Vanquished Creatures
  A worm (D:1)
  A dart slug (D:1)
  2 leopard geckos (D:1)
  3 bats (D:1)
  A giant cockroach (D:1)
  3 goblins (D:1)
  3 hobgoblins (D:1)
  A frilled lizard (D:1)
  A kobold (D:1)
  5 rats (D:1)
21 creatures vanquished.

Notes
Turn   | Place    | Note
-------+----------+-------------------------------------------
     0 | D:1      | tv1990 the Formicid Monk began the quest for the Orb.
     0 | D:1      | Reached XP level 1. HP: 18/18 MP: 2/2
     2 | D:1      | Noticed a gargoyle
     4 | D:1      | Noticed a centaur
     4 | D:1      | Noticed a dwarf
     6 | D:1      | Noticed a halfling
     6 | D:1      | Noticed an elf
     8 | D:1      | Noticed an octopode
     8 | D:1      | Noticed a troll
    10 | D:1      | Noticed a demonspawn
    12 | D:1      | Noticed a tengu
    12 | D:1      | Noticed a naga
    14 | D:1      | Noticed a demigod
    14 | D:1      | Noticed a minotaur
    16 | D:1      | Noticed a felid
    20 | D:1      | Noticed a spriggan
    20 | D:1      | Noticed a vampire
    22 | D:1      | Noticed a merfolk
    24 | D:1      | Noticed a human
    24 | D:1      | Noticed a vine stalker
    26 | D:1      | Noticed an ogre
    26 | D:1      | Noticed a ghoul
    28 | D:1      | Noticed a draconian
    28 | D:1      | Noticed a formicid
   105 | D:1      | Reached XP level 2. HP: 8/24 MP: 1/3
   477 | D:1      | Reached XP level 3. HP: 29/29 MP: 4/4
   923 | D:2      | HP: 1/30 [worm (6)]
   926 | D:2      | Slain by a worm

Action                   || total
-------------------------++-------
Melee: Hand axe          ||    69
 Stab: Sleeping          ||     2
Armor: Robe              ||     7
Dodge: Dodged            ||    39
